 Dungeon Crawl Stone Soup version 0.25.0-1-g7eea58d2a3 (webtiles) character file.

Game seed: 2954992619917895587

63 sking99 the Insei (level 4, 0/26 HPs)
             Began as a Kobold Transmuter on June 14, 2020.
             Killed from afar by Natasha (5 damage)
             ... with a magic dart
             ... on level 2 of the Dungeon.
             The game lasted 00:04:48 (2055 turns).

sking99 the Insei (Kobold Transmuter)               Turns: 2055, Time: 00:04:49

Health: 0/26       AC:  6    Str:  7    XL:     4   Next: 31%
Magic:  1/7        EV: 16    Int: 15    God:
Gold:   46         SH:  0    Dex: 15    Spells: 1/7 levels left

rFire    . . .     SeeInvis .     - Unarmed
rCold    . . .     Gourm    .   (shield restricted)
rNeg     . . .     Faith    .   b - +0 robe
rPois    .         Spirit   .   (no helmet)
rElec    .         Reflect  .   l - +0 cloak
rCorr    .         Harm     .   i - +2 pair of gloves
MR       .....                  (no boots)
Stlth    +.........             (no amulet)
HPRegen  0.08/turn              (no ring)
MPRegen  0.10/turn              (no ring)

@: appendage, slowed, very slow
A: small, horns 2, carnivore
a: End Transformation


You were on level 2 of the Dungeon.
You were very full.
You had grown temporary horns.
You visited 1 branch of the dungeon, and saw 2 of its levels.

You collected 46 gold pieces.

Inventory:

Missiles
 a - 9 arrows
Armour
 b - a +0 robe (worn)
 i - a +2 pair of gloves (worn)
 l - a +0 cloak (worn)
Jewellery
 h - a +6 ring of strength {unknown}
 k - an uncursed amulet of regeneration
Scrolls
 c - a scroll of noise {unknown}
 f - 2 scrolls of remove curse {unknown}
 g - 2 scrolls of teleportation {unknown}
 m - a scroll of blinking {unknown}
Potions
 e - a potion of lignification {unknown}
Comestibles
 d - 3 rations
 j - 3 chunks of flesh


   Skills:
 - Level 1.7 Fighting
 - Level 3.0 Dodging
 + Level 3.8 Unarmed Combat
 + Level 2.4 Spellcasting
 * Level 2.4 Transmutations
 + Level 0.7 Poison Magic


You had one spell level left.
You knew the following spells:

 Your Spells              Type           Power        Failure   Level  Hunger
a - Beastly Appendage     Tmut           #.....       8%          1    #......
b - Sticks to Snakes      Tmut           #.......     12%         2    ###....
c - Spider Form           Tmut/Pois      #.........   32%         3    ###....

Your spell library contained the following spells:

 Spells                   Type           Power        Failure   Level  Hunger
 Ice Form                 Ice/Tmut       #.......     77%         4    #####..
 Blade Hands              Tmut           #.........   91%         5    ######.


Dungeon Overview and Level Annotations

Branches:
Dungeon (2/15)

Altars:

Annotations:
D:2 Natasha, Sigmund


Innate Abilities, Weirdness & Mutations

You are small and have problems with some larger weapons.
You are carnivorous and can eat meat at any time.
You have a pair of horns on your head.


Message History

Your ball python constricts Natasha.
Natasha claws you.
Your ball python bites Natasha but does no damage.
Your ball python constricts Natasha.
Natasha claws you.
* * * LOW HITPOINT WARNING * * *
You hit Natasha.
Natasha is moderately wounded.
The white imp disappears in a puff of smoke!
Your ball python bites Natasha.
Your ball python constricts Natasha.
Natasha closely misses you.
The crimson imp blinks!
You barely miss Natasha.
Natasha is moderately wounded.
Your ball python bites Natasha.
Your ball python constricts Natasha.
Natasha closely misses you.
Your ball python bites Natasha.
Your ball python constricts Natasha.
You hit Natasha.
Natasha is heavily wounded.
Your ball python bites Natasha.
Your ball python constricts Natasha.
Natasha stares at you and mumbles some strange words.
The magic dart hits you.
You die...

# ##.###....##.# ###########
# #.# ##.#.##.# #..........
#.# #.#.##)# #.######### #.#
#.#.##.# #.# ## #.#
#.#.##.######.# #.
###.####.....§.......#####
#. ..#.........§...........#
#. #.#...##.##h##########.#
## #........#.@S#
#.......#####
###...##.#...###.####.......
##.###...5...#.# #.######
#.............# #.#
#..##.......^.# #.#
##..##......#..## #.#
##.#.##......#.#.###.#####
#.###.........###.##.....##
##.#.##......#.#.#######...


You could see Natasha, a crimson imp (summoned) and a friendly ball python.

Vanquished Creatures
  An adder (D:2)
  An ooze (D:2)
  A worm (D:2)
  A dart slug (D:1)
  2 leopard geckos
  6 bats
  2 giant cockroaches (D:1)
  6 hobgoblins
  2 jackals (D:1)
  6 kobolds
  A quokka (D:2)
  4 frilled lizards
  5 goblins
  4 rats (D:1)
42 creatures vanquished.

Notes
Turn   | Place    | Note
-------+----------+-------------------------------------------
     0 | D:1      | sking99 the Kobold Transmuter began the quest for the Orb.
     0 | D:1      | Reached XP level 1. HP: 12/12 MP: 3/3
   491 | D:1      | Reached XP level 2. HP: 16/16 MP: 3/5
   498 | D:1      | Learned a level 2 spell: Sticks to Snakes
   822 | D:1      | Reached XP level 3. HP: 17/21 MP: 6/6
   932 | D:1      | Learned a level 3 spell: Spider Form
  1480 | D:2      | Reached XP level 4. HP: 22/26 MP: 7/7
  2002 | D:2      | Noticed Natasha
  2002 | D:2      | Noticed Sigmund
  2055 | D:2      | Killed from afar by Natasha

Illustrated notes

Levels and vault maps discovered:
D:1:      nzn_arrival_crosshair, layout_basic, chequers_serial_rivers_room_a,
          serial_bayou_lagoon_a
D:2:      layout_loops_ring, chequers_ecumenical_altar_simple_redux,
          grunt_ministairs_6, minmay_pentomino_q4, uniq_natasha, uniq_sigmund

Skill      XL: |  1  2  3 |
---------------+----------+-----
Dodging        | 3 |  3.0
Fighting       | |  1.7
Unarmed Combat | |  3.8
Spellcasting   | |  2.4
Transmutations | |  2.4
Poison Magic   | |  0.7

Action                   |  1- 3 |  4- 6 || total
-------------------------+-------+-------++-------
Melee: Unarmed           |   119 |    34 ||   153
       Kick              |    10 |       ||    10
       Headbutt          |     2 |     2 ||     4
       Punch             |       |     1 ||     1
 Cast: Beastly Appendage |    14 |     3 ||    17
       Sticks to Snakes  |       |     3 ||     3
 Stab: Sleeping          |     1 |       ||     1
  Eat: Chunk             |    10 |     2 ||    12
Armor: Robe              |    23 |    25 ||    48
Dodge: Dodged            |    93 |    59 ||   152
